 Dungeon Crawl Stone Soup version 0.27-a0-1196-g3e9cee4cb2 (webtiles) character file.

Game seed: 9614947531539540058

102 tsouns the Ruffian (level 4, -2/37 HPs)
             Began as a Draconian Transmuter on May 28, 2021.
             Slain by a gnoll
             ... wielding a +0 flail
              (5 damage)
             ... on level 2 of the Dungeon.
             The game lasted 00:03:27 (1977 turns).

tsouns the Ruffian (Draconian Transmuter)           Turns: 1977, Time: 00:03:28

Health: -2/37      AC:  5    Str: 12    XL:     4   Next: 50%
Magic:  7/7        EV: 12    Int: 15    God:
Gold:   43         SH:  0    Dex: 11    Spells: 1/7 levels left

rFire    . . .     SeeInvis .     - Unarmed
rCold    . . .     Faith    .   (no shield)
rNeg     . . .     Spirit   .   (armour unavailable)
rPois    .         Reflect  .   (helmet restricted)
rElec    .         Harm     .   (no cloak)
rCorr    .         Rampage  .   (no gloves)
Will     .....                  (no boots)
Stlth    +.........             (no amulet)
HPRegen  0.12/turn              (no ring)
MPRegen  0.10/turn              (no ring)

@: no status effects
A: AC +5, unfitting armour, cold-blooded
a: no special abilities


You were on level 2 of the Dungeon.
You visited 1 branch of the dungeon, and saw 2 of its levels.

You collected 43 gold pieces.

Inventory:

Scrolls
 a - a scroll of identify {unknown}
 c - a scroll of silence {unknown}
 h - a scroll of amnesia {unknown}
Potions
 d - 2 potions of curing {unknown}
 e - a potion of flight {unknown}
 g - 2 potions of might {unknown}


   Skills:
 + Level 2.5 Fighting
 - Level 1.7 Dodging
 * Level 4.3 Unarmed Combat
 - Level 2.0 Spellcasting
 + Level 2.9 Transmutations


You had one spell level left.
You knew the following spells:

 Your Spells              Type           Power      Damage    Failure   Level
a - Beastly Appendage     Tmut           20%        N/A       7%          1
b - Wereblood             Tmut           10%        N/A       11%         2
c - Spider Form           Tmut/Pois      2%         N/A       36%         3

Your spell library contained the following spells:

 Spells                   Type           Power      Damage    Failure   Level
 Ice Form                 Ice/Tmut       5%         N/A       77%         4
 Hydra Form               Tmut           5%         N/A       88%         5


Dungeon Overview and Level Annotations

Branches:
Dungeon (2/15)

Altars:


Innate Abilities, Weirdness & Mutations

Your plain brown scales are hard. (AC +5)
You cannot fit into any form of body armour.
You are cold-blooded and may be slowed by cold attacks.


Message History

The hobgoblin completely misses you.
Unknown command.
Throw: 2 darts (poison)
Press: ? - help, Q - select action, (/) - cycle Shift-Dir - straight line, f/p - gnoll
Aim: a gnoll, wielding a +0 flail (moderately wounded, poisoned, 60% to hit)
You throw a poisoned dart.
The poisoned dart closely misses the hobgoblin.
The poisoned dart completely misses the gnoll.
The hobgoblin closely misses you.
Unknown command.
Throw: dart (poison)
Press: ? - help, Q - select action, (/) - cycle Shift-Dir - straight line, f/p - gnoll
Aim: a gnoll, wielding a +0 flail (moderately wounded, poisoned, 60% to hit)
You throw a poisoned dart.
The poisoned dart closely misses the hobgoblin.
The poisoned dart barely misses the gnoll.
The hobgoblin closely misses you.
Unknown command.
Throw: throwing net
Press: ? - help, Q - select action, (/) - cycle Shift-Dir - straight line, f/p - gnoll
Aim: a gnoll, wielding a +0 flail (moderately wounded, poisoned, 60% to hit)
You throw a throwing net.
The throwing net closely misses the hobgoblin.
The throwing net closely misses the gnoll.
The hobgoblin hits you but does no damage.
Unknown command.
You barely miss the hobgoblin.
The hobgoblin is almost dead.
The gnoll looks more healthy.
The hobgoblin looks more healthy.
The hobgoblin misses you.
You hit the hobgoblin.
You kill the hobgoblin!
You hit the gnoll but do no damage.
The gnoll is moderately wounded.
The gnoll hits you with a +0 flail!
* * * LOW HITPOINT WARNING * * *
You hit the gnoll.
The gnoll is heavily wounded.
The gnoll hits you with a +0 flail.
You die...

######## #...(g(# #.####.#
########### ######†####.#
..........# #..@g.....(.#
##.###.##.# ##.####.###..#
##.###.##.###...###......###
.......##.##..÷..##........#
.#.##..##.###...###.###.##.#
..........# ##.## #.# #.##.#
.###...#######.# #.# #.##(#
.# #...........# #.# #....#
.###...#######+# #.# ####.#


You could see a gnoll.

Vanquished Creatures
  3 gnolls (D:2)
  2 adders (D:2)
  2 dart slugs (D:1)
  4 ball pythons (D:1)
  2 endoplasms (D:1)
  2 giant cockroaches
  7 goblins
  4 hobgoblins
  5 jackals
  5 quokkas (D:1)
  3 bats (D:1)
  A frilled lizard (D:1)
  3 kobolds (D:1)
  6 rats
49 creatures vanquished.

Notes
Turn   | Place    | Note
-------+----------+-------------------------------------------
     0 | D:1      | tsouns the Draconian Transmuter began the quest for the
                  | Orb.
     0 | D:1      | Reached XP level 1. HP: 16/16 MP: 3/3
   350 | D:1      | Reached XP level 2. HP: 23/23 MP: 5/5
   739 | D:1      | Reached XP level 3. HP: 24/29 MP: 6/6
  1655 | D:2      | Reached skill level 4 in Unarmed Combat
  1869 | D:2      | Reached XP level 4. HP: 33/36 MP: 5/7
  1872 | D:2      | Learned a level 2 spell: Wereblood
  1876 | D:2      | Learned a level 3 spell: Spider Form
  1977 | D:2      | Slain by a gnoll

Illustrated notes

Levels and vault maps discovered:
D:1:      dpeg_arrival_three_smaller_balls, layout_basic,
          chequers_serial_rivers_micro_a, minmay_nonomino_d4
D:2:      layout_loops_corners, serial_shops, shop_scrolls, chequers_arboretum,
          uniq_jessica

Skill      XL: |  1  2  3 |
---------------+----------+-----
Fighting       | 2 |  2.5
Unarmed Combat | 4 |  4.3
Dodging        | |  1.7
Spellcasting   | |  2.0
Transmutations | |  2.9

Action                   |  1- 3 |  4- 6 || total
-------------------------+-------+-------++-------
Melee: Unarmed           |   181 |     6 ||   187
       Tailslap          |     8 |     1 ||     9
       Headbutt          |     2 |       ||     2
       Kick              |     3 |       ||     3
Throw: Dart              |     1 |    24 ||    25
       Throwing net      |       |     1 ||     1
 Cast: Beastly Appendage |     4 |       ||     4
Armor: Skin              |    50 |     2 ||    52
Dodge: Dodged            |   112 |    15 ||   127

Table legend: (Time is in decaauts)
 A = Elapsed time spent in this place.
 B = Non-inter-level travel time spent in this place.
 C = Inter-level travel time spent in this place.
 D = Time resting spent in this place.
 E = Time spent auto-exploring this place.
 F = Levels seen in this place.
 G = Mean time per level.
                   A        B        C        D        E       F      G
               +--------+--------+--------+--------+--------+-----+--------+
         Total |   1965 |   1947 |     18 |      0 |   1575 |   2 |  982.5 |
       Dungeon |   1965 |   1947 |     18 |      0 |   1575 |   2 |  982.5 |
               +--------+--------+--------+--------+--------+-----+--------+

Top non-repeatable levels by time:
     D:1: 1460 daAuts
     D:2: 504 daAuts
